 Dungeon Crawl Stone Soup version 0.18-a0-1027-g814d7dd (webtiles) character file.

6044 M4edhros the Covert (level 10, -5/58 HPs)
             Began as an Octopode Artificer on Jan 7, 2016.
             Was a Priest of Fedhas.
             Killed from afar by a quicksilver dragon (30 damage)
             ... with a bolt of dispelling energy
             ... on level 1 of the Abyss.
             The game lasted 00:29:35 (8650 turns).

M4edhros the Covert (Octopode Artificer)            Turns: 8650, Time: 00:29:37

Health: -5/58      AC:  1    Str: 12    XL:     10   Next: 87%
Magic:  15/15      EV: 16    Int: 18    God:    Fedhas [***...]
Gold:   646        SH:  4    Dex: 13    Spells: 3 memorised, 2 levels left

rFire  . . .     SeeInvis +     j - +3 hunting sling (flame)
rCold  . . .     Gourm    +     Q - +0 buckler
rNeg   . . .     Faith    .     (helmet restricted)
rPois  .         Spirit   .     h - amulet of the gourmand
rElec  .         Dismiss  .     t - +4 ring of strength
rCorr  .         Reflect  .     (no ring)
SustAt .         Harm     .     y - ring of see invisible
MR     .....                    (no ring)
Stlth  ++++++....               (no ring)
                                (no ring)
                                (no ring)
                                (no ring)

@: not resistant to hostile enchantments, very stealthy
A: almost no armour, amphibious, 8 rings, constrict 8, camouflage 1, blink, weak
1, gelatinous body 1
a: Blink, Evolution, Sunlight, Growth, Renounce Religion


You were on level 1 of the Abyss.
You worshipped Fedhas.
Fedhas was most pleased with you.
You were not hungry.

You visited 2 branches of the dungeon, and saw 11 of its levels.
You visited the Abyss 2 times.

You collected 646 gold pieces.

Inventory:

Hand Weapons
 e - a +0 dagger of electrocution
 j - a +3 hunting sling of flaming (weapon)
 I - a +2 rapier of draining
Missiles
 i - 186 stones (quivered)
 q - 62 sling bullets
Armour
 Q - a +0 buckler (worn)
Magical Staves
 R - an uncursed staff of poison
Jewellery
 h - an amulet of the gourmand (around mantle)
 t - a +4 ring of strength (left tentacle)
 y - a ring of see invisible (on tentacle)
 E - an uncursed ring of teleportation
Wands
 a - a wand of polymorph (11/24)
 b - a wand of flame (15/48)
 c - a wand of enslavement (0/24)
 d - a wand of random effects (7/48)
 k - a wand of teleportation (6/9)
 x - a wand of lightning (5/15)
 D - a wand of fire (1/15)
 H - a wand of disintegration (5/24)
Scrolls
 n - 2 scrolls of amnesia
 o - 4 scrolls of enchant armour
 u - a scroll of identify
 G - a scroll of noise
 J - a scroll of magic mapping
 O - a scroll of recharging
 U - a scroll of remove curse
Potions
 l - a potion of ambrosia {unknown}
 m - a potion of magic {unknown}
 p - a potion of agility {unknown}
 s - 2 potions of might {unknown}
 w - 2 potions of curing
 C - a potion of invisibility {unknown}
 F - a potion of cancellation {unknown}
 M - a potion of resistance
Books
 z - a book of Burglary

   Spells                             Type                      Level
   a - Swiftness                      Charms/Air                   2
   b - Passwall                       Transmutation/Earth          3
   c - Passage of Golubria            Translocation                4
   d - Lee's Rapid Deconstruction     Earth                        5
   e - Darkness                       Hexes                        6
   f - Invisibility                   Hexes                        6
Comestibles
 f - 8 bread rations
 g - 5 slices of pizza
 r - 2 meat rations
 v - a royal jelly
 A - 8 fruits
 V - a beef jerky


   Skills:
 - Level 1.0 Fighting
 - Level 1.0 Short Blades
 * Level 7.9 Slings
 * Level 8.3 Dodging
 + Level 11.3 Stealth
 * Level 3.1 Shields
 + Level 4.4 Invocations
 + Level 7.1 Evocations


You had 2 spell levels left.
You knew the following spells:

 Your Spells              Type           Power        Failure   Level  Hunger
a - Blink                 Tloc           N/A          38%         2    ###....
b - Portal Projectile     Tloc           #.....       75%         3    ####...
c - Swiftness             Chrm/Air       #.......     38%         2    ###....


Dungeon Overview and Level Annotations

Branches:
Dungeon (10/15)            Temple (1/1) D:7            Lair (0/8) D:8
    Orc (0/2) D:9

Altars:
Ashenzari
Cheibriados
Dithmenos
Elyvilon
Fedhas
Gozag
Kikubaaqudgha
Makhleb
Nemelex Xobeh
Okawaru
Pakellas
Qazlal
Ru
Sif Muna
Trog
Vehumet
Xom
Yredelemnul
Zin
The Shining One

Shops:
D:6 *

Annotations:
D:5 Grinder
D:10 Psyche


Innate Abilities, Weirdness & Mutations

You cannot wear most types of armour.
You are amphibious.
You can wear up to eight rings at the same time.
You can use your tentacles to constrict eight enemies at once.
Your skin changes colour to match your surroundings (Stealth).
Your rubbery body absorbs attacks (AC +1).
You can translocate small distances at will.
You are weak. (Str -2)


Message History

Press: ? - help, Shift-Dir - straight line, f - large abomination
Aim: a large abomination (heavily damaged)
The bolt of fire hits the large abomination.
You destroy the large abomination!
Your Shields skill increases to level 3!
This wand has 1 charge left.
Drink which item? (? for menu, Esc to quit)
You feel better.
A spatial vortex comes into view.
The spatial vortex moves out of view.
A spatial maelstrom comes into view.
A spatial vortex comes into view.
A quicksilver dragon comes into view. 2 spatial vortices come into view.
The quicksilver dragon roars!
The quicksilver dragon breathes dispelling energy at you.
The bolt of dispelling energy hits you!
Ouch! That really hurt!
You die...
Fedhas appreciates your contribution to the ecosystem.

.... ##....# ###
###v#... ... .v.#v.
#.# ....# ## #.# (...
### ###
...##.##..###.##...#
### #..#.v#....# .# #
#. # #.....#@.#. .#..
. #.
#......###.#........#
# #.D#....# #.####
### . ## #....# ## #
. .. # #.##.# . # . #
..# #.# .# .#.# . ...
..# #. #.#.#.. #..#
.#. # . . .. . # .#.#


You could see a quicksilver dragon and 3 spatial vortices.

Vanquished Creatures
  A flayed ghost (Abyss:1)
  Pikel (D:7)
  A cyclops (D:8)
  A large abomination (Abyss:1)
  A smoke demon (Abyss:1)
  An ice devil (Abyss:1)
  A spriggan (D:7)
  2 ogres
  2 centaurs
  A swamp drake (D:9)
  2 orc warriors
  Duvessa (D:7)
  A slave (D:7)
  An eye of draining (D:8)
  2 ice beasts
  A boggart (D:4)
  3 big kobolds
  A gnoll sergeant (D:9)
  A giant frog (D:9)
  A wyvern skeleton (D:8)
  2 scorpions
  A small abomination (Abyss:1)
  A jelly (D:3)
  5 crimson imps
  4 hounds
  An orc priest (D:9)
  Jessica (D:2)
  3 giant frog skeletons
  3 iguanas
  5 orc wizards
  6 worker ants
  A killer bee zombie (D:8)
  A hound zombie (D:6)
  2 hound skeletons (D:9)
  6 gnolls
  5 adders
  2 shadow imps
  2 oozes (D:2)
  2 adder zombies
  3 worms
  8 giant geckos
  33 orcs
  A ball python (D:5)
  8 giant cockroaches
  7 goblins
  6 hobgoblins
  6 jackals
  2 quokkas (D:7)
  A ball python zombie (D:6)
  5 bats
  7 giant newts
  18 kobolds
  6 rats
190 creatures vanquished.

Vanquished Creatures (collateral kills)
  Erolcha (D:8)
  A troll (D:8)
  The ghost of Pikaro the Thaumaturge, an amateur HEWn (D:4)
  A wyvern (D:10)
  A water moccasin (D:4)
  An ice beast (D:8)
  An orc warrior (D:9)
  An eye of draining (D:8)
  A centaur (D:8)
  Dowan (D:7)
  A quasit (D:8)
  An orc priest (D:8)
  2 orc wizards
  A worker ant (D:8)
  A giant gecko (D:7)
  14 orcs
  A giant cockroach (D:7)
31 creatures vanquished.

Vanquished Creatures (others)
  An ogre (D:4)
  A centaur (D:7)
  A wasp zombie (D:8)
  An orc priest (D:8)
  A killer bee zombie (D:10)
  A worm (D:7)
  An orc (D:9)
  4 rats (D:7)
  5 wandering mushrooms
  127 toadstools
143 creatures vanquished.

Grand Total: 364 creatures vanquished

Notes
Turn   | Place    | Note
--------------------------------------------------------------
     0 | D:1      | M4edhros the Octopode Artificer began the quest for the Orb.
     0 | D:1      | Reached XP level 1. HP: 13/13 MP: 3/3
   150 | D:1      | Reached XP level 2. HP: 18/18 MP: 4/4
   243 | D:2      | Noticed Jessica
   274 | D:2      | Killed Jessica
   274 | D:2      | Reached XP level 3. HP: 23/23 MP: 5/5
   449 | D:3      | Reached XP level 4. HP: 21/28 MP: 6/6
   464 | D:3      | Found an ancient bone altar of Kikubaaqudgha.
   760 | D:4      | Reached skill level 1 in Slings
   760 | D:4      | Reached skill level 4 in Stealth
   760 | D:4      | Reached XP level 5. HP: 33/33 MP: 6/8
   832 | D:4      | Found a deep blue altar of Sif Muna.
   851 | D:4      | Found a blossoming altar of Fedhas.
   931 | D:4      | Found a shattered altar of Ashenzari.
   938 | D:4      | Noticed an ogre
   943 | D:4      | Noticed an ogre
  1065 | D:4      | Noticed a boggart
  1065 | D:4      | a scorpion changed into a boggart
  1073 | D:4      | Noticed an ogre
  1073 | D:4      | Killed a boggart
  1073 | D:4      | Reached XP level 6. HP: 31/38 MP: 9/9
  1112 | D:4      | Noticed Pikaro's ghost (amateur HEWn)
  1138 | D:4      | Reached skill level 5 in Stealth
  1230 | D:4      | Killed an ogre
  1417 | D:4      | Noticed a water moccasin
  1571 | D:5      | Entered Level 5 of the Dungeon
  1756 | D:5      | Found an opulent altar of Gozag.
  1764 | D:5      | Reached XP level 7. HP: 43/43 MP: 10/10
  1856 | D:5      | Found a basalt altar of Yredelemnul.
  2169 | D:5      | Reached skill level 6 in Stealth
  2216 | D:5      | Noticed Grinder
  2537 | D:6      | Found a glowing silver altar of Zin.
  2537 | D:6      | Found Zin's Purification Station.
  2587 | D:6      | Reached skill level 5 in Evocations
  3105 | D:6      | Reached skill level 5 in Dodging
  3280 | D:7      | Found a staircase to the Ecumenical Temple.
  3295 | Temple   | Entered the Ecumenical Temple
  3368 | Temple   | Became a worshipper of Xom of Chaos
  3480 | Temple   | XOM: harmless Conj miscast
  3531 | D:7      | Killed a centaur
  3531 | D:7      | Reached skill level 7 in Stealth
  3531 | D:7      | Reached XP level 8. HP: 27/48 MP: 11/11
  3597 | D:7      | Found a snail-covered altar of Cheibriados.
  3600 | D:7      | Found a burning altar of Makhleb.
  3669 | D:7      | Noticed a moth of wrath
  3835 | D:4      | Fell from the grace of Xom
  3835 | D:4      | Became a worshipper of Fedhas Madash
  5118 | D:3      | Found an iron altar of Okawaru.
  5159 | D:3      | Reached * piety under Fedhas
  5390 | D:4      | Killed Pikaro's ghost
  5436 | D:4      | Found a radiant altar of Vehumet.
  5689 | D:7      | Noticed Pikel
  5701 | D:7      | Killed Pikel
  5701 | D:7      | Reached skill level 5 in Slings
  5701 | D:7      | Reached skill level 8 in Stealth
  5701 | D:7      | Reached skill level 1 in Invocations
  5710 | D:7      | XOM: give mutations
  5710 | D:7      | Gained mutation: You are weak. (Str -2) [Xom's mischief]
  5710 | D:7      | Gained mutation: You can translocate small distances at will. [Xom's mischief]
  5710 | D:7      | Gained mutation: You are clumsy. (Dex -2) [Xom's mischief]
  5710 | D:7      | Lost mutation: You are clumsy. (Dex -2) [Xom's mischief]
  5798 | D:7      | Noticed Dowan
  5815 | D:7      | Killed Dowan
  5823 | D:7      | Noticed Duvessa
  5835 | D:7      | Killed Duvessa
  5835 | D:7      | Reached XP level 9. HP: 29/53 MP: 13/13
  5877 | D:7      | XOM: mild Conj miscast
  6070 | D:7      | Found a bloodstained altar of Trog.
  6211 | D:7      | XOM: mild Chrm miscast
  6242 | D:7      | XOM: mild Tloc miscast
  6267 | D:8      | Found a white marble altar of Elyvilon.
  6276 | D:8      | Reached skill level 9 in Stealth
  6281 | D:8      | Noticed a cyclops
  6306 | D:8      | Killed a cyclops
  6344 | D:8      | Found a staircase to the Lair.
  6412 | D:8      | Found an iron altar of Okawaru.
  6434 | D:8      | Reached ** piety under Fedhas
  6630 | D:8      | Identified the Incunabulum of the Destructive Blaze
  6723 | D:8      | Noticed Erolcha
  6734 | D:8      | Killed Erolcha
  6734 | D:8      | Reached skill level 10 in Stealth
  6739 | D:8      | Reached XP level 10. HP: 53/58 MP: 14/14
  6906 | D:8      | Learned a level 2 spell: Blink
  6918 | D:8      | Found a sacrificial altar of Ru.
  7168 | D:9      | Found Huesar Fymeu's Distillery.
  7614 | D:9      | Reached *** piety under Fedhas
  7629 | D:9      | Reached skill level 1 in Shields
  7782 | D:9      | Reached skill level 11 in Stealth
  7966 | D:9      | Found a staircase to the Orcish Mines.
  8101 | D:9      | XOM: noise
  8103 | D:9      | Learned a level 3 spell: Portal Projectile
  8169 | D:10     | Entered Level 10 of the Dungeon
  8195 | D:10     | XOM: medium Tloc miscast
  8261 | D:10     | Noticed Psyche
  8264 | D:10     | Cast into level 1 of the Abyss (Psyche)
  8310 | Abyss:1  | Noticed a wretched star
  8393 | Abyss:1  | Noticed a white draconian
  8396 | D:10     | Escaped the Abyss
  8433 | D:10     | Cast into level 1 of the Abyss (Psyche)
  8433 | Abyss:1  | Found a corrupted altar of Lugonu.
  8443 | Abyss:1  | Noticed a large abomination
  8511 | Abyss:1  | Learned a level 2 spell: Swiftness
  8557 | Abyss:1  | Noticed a starcursed mass
  8589 | Abyss:1  | Noticed a thrashing horror
  8599 | Abyss:1  | Found a basalt altar of Yredelemnul.
  8622 | Abyss:1  | XOM: noise
  8631 | Abyss:1  | Noticed a flayed ghost
  8634 | Abyss:1  | Noticed a smoke demon
  8634 | Abyss:1  | Killed a flayed ghost
  8636 | Abyss:1  | Noticed a large abomination
  8639 | Abyss:1  | Killed a smoke demon
  8641 | Abyss:1  | Killed a large abomination
  8646 | Abyss:1  | Noticed a spatial maelstrom
  8650 | Abyss:1  | Noticed a quicksilver dragon
  8650 | Abyss:1  | Killed from afar by a quicksilver dragon

Vault maps used:
D:1:      minmay_arrival_plants_in_alcoves, serial_glass, glass_columns_c,
          glass_columns_b
D:2:      first_bread, uniq_jessica
D:3:      old_standard_altar, okawaru_metal_pillars_1_2
D:4:      ashenzari_conservatory_becter, lemuel_crystal_altar,
          overflow_temple_1_default, kennysheep_small_circle
D:5:      kennysheep_little_box, nicolae_gozag_seed_capital, uniq_grinder
D:6:      zin_purify
D:7:      tgw_trog, minitemple, minmay_temple_entry_glass, the_bakery,
          uniq_pikel, uniq_duvessa
D:8:      lemuel_crystal_altar, kennysheep_mini, lemuel_crystal_altar,
          lair_0_dummy, minmay_misc_feat_more_columns, uniq_erolcha
D:9:      erik_orc_1, serial_shops, shop, eino_small_chamber_without_monster
D:10:     basic_altar, uniq_psyche
Temple:   minmay_temple_curvy_8
Abyss:1:  abyss_fake_exit

Action                   |  1- 3 |  4- 6 |  7- 9 | 10-12 || total
-------------------------+-------+-------+-------+-------++-------
Melee: Short sword       |     7 |       |       |       ||     7
       Dagger            |    35 |    14 |    76 |    86 ||   211
 Fire: Hunting sling     |       |    90 |   268 |    45 ||   403
Invok: Evolution         |       |       |     3 |     4 ||     7
 Abil: Blink             |       |       |       |     3 ||     3
Evoke: Wand              |       |     8 |    10 |    19 ||    37
  Use: Potion            |     1 |       |     2 |     4 ||     7
       Scroll            |       |     6 |     8 |     9 ||    23
 Stab: Sleeping          |     5 |     1 |    11 |     7 ||    24
       Confused          |       |       |       |     1 ||     1
  Eat: Chunk             |       |     1 |       |       ||     1
       Meat ration       |       |       |     2 |       ||     2
       Bread ration      |       |       |     2 |     1 ||     3
